 Dungeon Crawl Stone Soup version 0.19-a0-1498-g0b85ae9 (webtiles) character file.

5 4thArraOfDagon the Skirmisher (level 1, 0/19 HPs)
             Began as a Demigod Wanderer on Sept 10, 2016.
             Slain by a kobold
             ... wielding a +0 short sword
              (5 damage)
             ... on level 1 of the Dungeon.
             The game lasted 00:00:55 (101 turns).

4thArraOfDagon the Skirmisher (Demigod Wanderer)     Turns: 101, Time: 00:00:56

Health: 0/19       AC:  2    Str: 15    XL:     1   Next: 53%
Magic:  5/5        EV: 16    Int: 18    God:
Gold:   0          SH:  0    Dex: 18    Spells: 1 memorised, 2 levels left

rFire  . . .     SeeInvis .     e - +0 club
rCold  . . .     Gourm    .     d - +0 robe
rNeg   . . .     Faith    .     (no shield)
rPois  .         Spirit   .     (no helmet)
rElec  .         Dismiss  .     (no cloak)
rCorr  .         Reflect  .     (no gloves)
MR     .....     Harm     .     (no boots)
Stlth  +++.......               (no amulet)
                                (no ring)
                                (no ring)

@: agile
A: high mp 1
a: no special abilities


You were on level 1 of the Dungeon.
You were not hungry.

You visited 1 branch of the dungeon, and saw 2 of its levels.

Inventory:

Hand Weapons
 e - a +0 club (weapon)
Armour
 d - a +0 robe (worn)
Potions
 h - a potion of curing {unknown}
Books
 a - a book of Maledictions

   Spells                             Type                      Level
   a - Corona                         Hexes                        1
   b - Ensorcelled Hibernation        Hexes/Ice                    2
   c - Confuse                        Hexes                        3
   d - Tukima's Dance                 Hexes                        3
   e - Dazzling Spray                 Conjuration/Hexes            3
 b - the Disquisition on Dislocation

   Spells                             Type                      Level
   a - Apportation                    Translocation                1
   b - Recall                         Summoning/Translocation      3
 c - the Papyrus of Transmigration

   Spells                             Type                      Level
   a - Beastly Appendage              Transmutation                1
   b - Ignite Poison                  Fire/Transmutation/Poison    3
Comestibles
 f - a bread ration


   Skills:
 + Level 3.1 Fighting
 - Level 1.0 Stealth
 - Level 1.7 Spellcasting
   Level 1.7 Hexes
 - Level 1.0 Translocations
   Level 1.0 Evocations


You had 2 spell levels left.
You knew the following spells:

 Your Spells              Type           Power        Failure   Level  Hunger
a - Apportation           Tloc           #.........   14%         1    #......


Dungeon Overview and Level Annotations

Branches:
Dungeon (2/15)


Innate Abilities, Weirdness & Mutations

You have an increased reservoir of magic. (+10% MP)


Message History

Unknown command.
You see here a giant cockroach corpse.
You hit the hobgoblin.
You kill the hobgoblin!
You closely miss the kobold. The kobold hits you with a short sword.
The kobold hits you with a short sword.
You hit the kobold.
The kobold is moderately wounded.
The kobold closely misses you. The kobold hits you but does no damage.
You closely miss the kobold.
The kobold is moderately wounded.
The kobold hits you with a short sword.
* * * LOW HITPOINT WARNING * * *
You are too injured to fight recklessly!
You are too injured to fight recklessly!
You are too injured to fight recklessly!
It was a potion of agility.
You feel agile all of a sudden. The kobold hits you with a short sword.
You die...

.# ♣P♣P♣PP....#.......# .#
♣...P♣...>.#......># .# .#
.K.P.♣.....#.......# ..#
##
(P..........#.......#...#
. #
.P...P.....#.......#...#
#...#
#...P........#...........#
..#
#.#..........#...........#
###
...#####K..##.......#...#
# #.#.†..@...........###.#
#.####...#####..#####..##
.# ........## #....###.##
# ..####...## #.##.##..#
###..####.##.#..##
##....#.##...##
####....##.## ###....##
#.†#..#


You could see a kobold.

Vanquished Creatures
  A giant cockroach (D:1)
  A hobgoblin (D:1)
  A giant newt (D:1)
  A goblin (D:1)
  2 rats
6 creatures vanquished.

Notes
Turn   | Place    | Note
-------+----------+-------------------------------------------
     0 | D:1      | 4thArraOfDagon the Demigod Wanderer began the quest for the Orb.
     0 | D:1      | 4thArraOfDagon set off with: a book of Maledictions, the Disquisition on Dislocation, the Papyrus of Transmigration, a +0 robe, a +0 club, a bread ration
     0 | D:1      | Reached XP level 1. HP: 18/18 MP: 5/5
     0 | D:1      | wazuzu: I want to finish games I start, at least
     0 | D:1      | Identified the Disquisition on Dislocation
     0 | D:1      | Identified the Papyrus of Transmigration
    15 | D:1      | wazuzu: maybe do a 15 one time
    17 | D:1      | timbw: so you want to streak?
    19 | D:1      | Learned a level 1 spell: Apportation
    19 | D:1      | timbw: I see
    30 | D:2      | wazuzu: I can do 5 runes I think if I want to
    70 | D:1      | timbw: then you should studdy players that streak
    86 | D:1      | Reached skill level 3 in Fighting
    99 | D:1      | timbw: that is winning many games in a row without dying
   101 | D:1      | Slain by a kobold

Vault maps used:
D:1:      dpeg_arrival_simpleton_b, serial_forest, infiniplex_forest_lined_ring,
          infiniplex_forest_clump_cross, infiniplex_forest_end_3,
          infiniplex_forest_lined_3, infiniplex_forest_lined_4_way,
          infiniplex_forest_lined_ring, infiniplex_forest_lined_corner,
          infiniplex_forest_clump_C, infiniplex_forest_lined_4_way,
          amethyst_killhole
D:2:      nicolae_overflow_hidden_temple, first_bread

Skill      XL: |  1 |
---------------+----+-----
Fighting       | 3 |  3.1
Stealth        | |  1.0
Spellcasting   | |  1.7
Hexes          | |  1.7
Translocations | |  1.0
Evocations     | |  1.0

Action                   || total
-------------------------++-------
Melee: Club              ||    17
  Use: Potion            ||     1
 Stab: Sleeping          ||     2
Armor: Robe              ||     3
Dodge: Dodged            ||     7
